 Dungeon Crawl Stone Soup version 0.24-a0-549-g45f0056d81 (webtiles) character file.

Game seed: 9684368931660782343

36306 GameOver the Covert (level 13, -1/133 HPs)
             Began as a Naga Wizard on Aug 19, 2019.
             Was a High Priest of Kikubaaqudgha.
             Slain by a yak (17 damage)
             ... on level 4 of the Lair of Beasts.
             The game lasted 01:55:19 (13077 turns).

GameOver the Covert (Naga Wizard)                  Turns: 13077, Time: 01:55:20

Health: -1/133     AC: 11    Str: 13    XL:     13   Next: 89%
Magic:  4/35       EV: 10    Int: 27    God:    Kikubaaqudgha [*****.]
Gold:   331        SH:  6    Dex: 13    Spells: 0/30 levels left

rFire    + . .     SeeInvis +   w - +5 trident
rCold    . . .     Gourm    +   a - +2 buckler {rF+}
rNeg     . . .     Faith    .   Y - +4 robe of Augmentation {Str+4 Int+4 Dex+4}
rPois    +         Spirit   .   b - +0 hat
rElec    .         Reflect  .   u - +0 cloak
rCorr    .         Harm     .   D - +0 pair of gloves
MR       ++...                  (no barding)
Stlth    ++++......             G - amulet of the gourmand
HPRegen  0.32/turn              F - ring of protection from magic
MPRegen  0.24/turn              C - ring of magical power

@: lethally poisoned (-1 -> -2), short of breath, lightly drained, very slow
A: large, see invisible, deformed body, poison resistance, robust 1, slowness 2,
slow metabolism 1, spit poison 1, weak 1, constrict 1, AC +4
a: Spit Poison, Receive Corpses, Torment, Renounce Religion


You were on level 4 of the Lair of Beasts.
You worshipped Kikubaaqudgha.
Kikubaaqudgha was extremely pleased with you.
You were very full.

You visited 3 branches of the dungeon, and saw 15 of its levels.
You also visited: Ice Cave.

You collected 859 gold pieces.
You spent 528 gold pieces at shops.

Inventory:

Hand Weapons
 q - the +7 hunting sling of Prudence {speed, -Tele Dex+7}
   (You found it on level 10 of the Dungeon)

   Attacks with this weapon are significantly faster.
   It affects your dexterity (+7).
   It prevents most forms of teleportation.
 w - a +5 trident (weapon)
 W - a +1 spear of pain
Missiles
 H - 14 sling bullets
Armour
 a - a +2 buckler of fire resistance (worn)
 b - a +0 hat (worn)
 u - a +0 cloak (worn)
 D - a +0 pair of gloves (worn)
 Y - the +4 robe of Augmentation (worn) {Str+4 Int+4 Dex+4}
   (You found it in an ice cave)

   It affects your strength (+4).
   It affects your intelligence (+4).
   It affects your dexterity (+4).
Magical Staves
 J - an uncursed staff of conjuration
 K - an uncursed staff of energy
Jewellery
 m - an uncursed ring of wizardry
 C - a ring of magical power (right hand)
 F - a ring of protection from magic (left hand)
 G - an amulet of the gourmand (around neck)
 N - an uncursed ring of protection from fire
Wands
 r - a wand of digging (7)
 M - a wand of scattershot (5)
 R - a wand of disintegration (16)
 U - a wand of flame (14)
 V - a wand of iceblast (18)
Scrolls
 c - a scroll of silence
 g - 4 scrolls of remove curse
 h - 3 scrolls of blinking
 n - 2 scrolls of magic mapping
 p - 6 scrolls of teleportation
 t - a scroll of immolation
 x - 2 scrolls of enchant armour
 y - a scroll of enchant weapon
 A - 5 scrolls of fog
 E - a scroll of torment
 S - 2 scrolls of fear
 Z - a scroll of amnesia
Potions
 e - a potion of mutation
 f - 3 potions of heal wounds
 i - 3 potions of brilliance
 j - 4 potions of ambrosia
 k - 3 potions of flight
 l - a potion of invisibility
 o - a potion of haste
 v - 3 potions of might
 z - a potion of curing
 B - 3 potions of cancellation
 I - 2 potions of degeneration {unknown}
 Q - a potion of resistance
Miscellaneous
 L - a lightning rod (4/4)
Comestibles
 d - 24 rations
 s - a chunk of flesh


   Skills:
 - Level 9.0(8.7) Fighting
 - Level 6.0(5.7) Polearms
 - Level 1.5(1.3) Dodging
 + Level 9.3(9.0) Stealth
 - Level 3.1(2.8) Shields
 - Level 9.0(8.7) Spellcasting
 - Level 6.1(5.8) Conjurations
 * Level 1.6(1.3) Charms
   Level 1.0(0.7) Summonings
 + Level 9.1(8.8) Necromancy
 - Level 3.0(2.7) Translocations
 - Level 9.0(8.7) Transmutations
 - Level 9.0(8.7) Earth Magic
 - Level 6.2(5.9) Poison Magic


You couldn't memorise any spells.
You knew the following spells:

 Your Spells              Type           Power        Failure   Level  Hunger
a - Stone Arrow           Conj/Erth      ######       1%          3    None
b - Blink                 Tloc           N/A          2%          2    None
c - Dispel Undead         Necr           ######..     3%          5    ####...
d - Mephitic Cloud        Conj/Pois/Air  ####....     3%          3    None
f - Conjure Flame         Conj/Fire      ####....     4%          3    None
v - Petrify               Tmut/Erth      ######..     1%          4    #......
V - Lee's Rapid Deconstr  Erth           ######....   3%          5    ####...
X - Excruciating Wounds   Chrm/Necr      #####.....   17%         5    ####...

Your spell library contained the following spells:

 Spells                   Type           Power        Failure   Level  Hunger
 Animate Skeleton         Necr           N/A          1%          1    None
 Magic Dart               Conj           ####         1%          1    None
 Pain                     Necr           ####         1%          1    None
 Sandblast                Erth           ######       1%          1    None
 Passwall                 Tmut/Erth      ######..     1%          2    None
 Sublimation of Blood     Necr           ######....   1%          2    None
 Vampiric Draining        Necr           ######....   1%          3    None
 Animate Dead             Necr           N/A          1%          4    #......
 Throw Frost              Conj/Ice       ####..       2%          2    None
 Agony                    Necr           ######..     3%          5    ####...
 Corona                   Hex            ##.....      4%          1    None
 Freeze                   Ice            ##..         4%          1    None
 Call Imp                 Summ           ###.....     5%          2    None
 Slow                     Hex            ##......     8%          2    None
 Ozocubu's Armour         Chrm/Ice       ###.....     11%         3    None
 Spectral Weapon          Hex/Chrm       ###.....     11%         3    None
 Inner Flame              Hex/Fire       ##......     14%         3    None
 Fulminant Prism          Conj/Hex       ####......   14%         4    #......
 Throw Icicle             Conj/Ice       ####....     14%         4    #......
 Death Channel            Necr           ######....   21%         6    ######.
 Summon Ice Beast         Ice/Summ       ##......     38%         4    #......
 Discord                  Hex            ##........   100%        8    #######


Dungeon Overview and Level Annotations

Branches:
Dungeon (10/15)            Temple (1/1) D:7            Lair (4/6) D:8
 Shoals (0/4) Lair:4       Spider (0/4) Lair:4
    Orc: D:9-12

Altars:
Ashenzari
Cheibriados
Fedhas
Hepliaklqana
Kikubaaqudgha
Makhleb
Nemelex Xobeh
Qazlal
Ru
Sif Muna
Wu Jian
The Shining One

Shops:
D:6 (   D:10 [


Innate Abilities, Weirdness & Mutations

You cannot wear boots.
Your serpentine skin is tough. (AC +4)
You have supernaturally acute eyesight. (SInv)
Armour fits poorly on your strangely shaped body.
Your system is resistant to poisons. (rPois)
You cover ground very slowly.
You have a slow metabolism.
You can spit poison.
You can use your snake-like lower body to constrict enemies.
You are robust. (+10% HP)
You are weak. (Str -2)


Message History

The yak is severely wounded.
You feel slightly less full.
You constrict the yak.
You feel sick. The yak gores you!
* * * LOW HITPOINT WARNING * * *
Casting: Dispel Undead (safe; 3% risk of failure)
Confirm with . or Enter, or press ? or * to list all spells.
Aiming: Mephitic Cloud (safe; 3% risk of failure)
Press: ? - help, Shift-Dir - straight line, f/p - yak
Aim: a yak The ball explodes into a vile cloud!
The stinking cloud engulfs the yak but does no damage.
The yak is severely wounded.
The stinking cloud engulfs you but does no damage.
The stinking cloud engulfs the yak but does no damage.
You constrict the yak.
You hear a roar!
The yak is engulfed in noxious fumes.
The yak appears confused.
The yak is engulfed in noxious fumes.
The yak gores you!
You die...
Kikubaaqudgha rasps: "You have failed me!
Welcome... death!"

...... #...........
........######..........
..........##.#..........
..........##..##PP#.###.
..............# ######..
...........##.# #..
..........###.# #P.
..........# #.#### ##.
.......@.§###....# #...
#......YY......... .....
#....###○§....###..P####
.... ##.....# . # #..
###P....## # #.
#.P.....# # # #........#
# @.@...........
W.#........P.P#.


You could see 2 yaks.

Vanquished Creatures
  A frost giant (IceCv)
  Fannar (Lair:1)
  Josephine (Lair:4)
  2 hydras
  Erica (D:9)
  A centaur warrior (D:10)
  2 two-headed ogres (D:10)
  Sonja (D:10)
  An unseen horror (D:10)
  Pikel (D:8)
  A lindwurm (Lair:3)
  An oklob plant (Lair:2)
  A manticore (Lair:4)
  An ugly thing (D:10)
  A cyclops (D:10)
  4 elephants (Lair:3)
  A black mamba (Lair:1)
  The ghost of PeterQ the Slasher, a novice VSGl of Qazlal (D:6)
  A gargoyle (D:10)
  9 spiny frogs
  2 rime drakes (IceCv)
  4 komodo dragons
  2 ice devils (Lair:1)
  A tengu conjurer (D:10)
  A troll (D:10)
  10 polar bears
  3 hippogriffs
  5 hornets (Lair:3)
  2 dream sheep (D:10)
  4 blink frogs (Lair:4)
  Sigmund (D:2)
  3 wraiths (Lair:4)
  A centaur simulacrum (D:10)
  2 basilisks
  31 yaks
  A hungry ghost (D:10)
  4 water moccasins
  7 porcupines
  2 sky beasts
  2 phantoms
  2 black bears (Lair:1)
  4 ice beasts
  2 necrophages (D:10)
  21 wolves
  9 ogres
  4 centaurs
  17 crocodiles
  6 big kobolds
  10 bullfrogs
  A wyvern zombie (D:8)
  7 killer bees
  8 wights
  3 howler monkeys
  3 crimson imps
  A bullfrog zombie (D:10)
  2 jellies
  A quasit (D:10)
  A hound (shapeshifter) (D:10)
  2 hounds
  2 bullfrog skeletons (D:4)
  2 centaur skeletons
  An iguana (D:10)
  7 orc wizards
  8 worker ants
  3 hound skeletons
  A worker ant zombie (D:6)
  8 gnolls
  13 adders
  3 shadow imps
  4 oozes
  2 adder skeletons
  A worm (D:3)
  2 dart slugs (D:1)
  4 leopard geckos
  18 orcs
  2 ball pythons
  4 bats
  3 giant cockroaches
  7 hobgoblins
  4 jackals
  5 quokkas
  6 frilled lizards
  6 goblins
  A jackal skeleton (D:4)
  21 kobolds
  A leopard gecko skeleton (D:7)
  A quokka skeleton (D:5)
  4 rats
  2 plants
371 creatures vanquished.

Vanquished Creatures (others)
  Erolcha (D:9)
  5 polar bears (IceCv)
  A slave (D:9)
  5 orcs (D:9)
  3 jackals (D:9)
  A bush (Lair:4)
  2 fungi
  37 plants
55 creatures vanquished.

Grand Total: 426 creatures vanquished

Notes
Turn   | Place    | Note
-------+----------+-------------------------------------------
     0 | D:1      | GameOver the Naga Wizard began the quest for the Orb.
     0 | D:1      | Reached XP level 1. HP: 15/15 MP: 4/4
    83 | D:1      | Found a glowing golden altar of the Shining One.
   116 | D:1      | Reached XP level 2. HP: 20/22 MP: 1/6
   313 | D:1      | Reached XP level 3. HP: 28/28 MP: 0/7
   317 | D:1      | Learned a level 2 spell: Blink
   321 | D:1      | Learned a level 3 spell: Mephitic Cloud
   757 | D:2      | Noticed Sigmund
   761 | D:2      | Gained mutation: You are weak. (Str -2) [potion of
                  | mutation]
   761 | D:2      | Gained mutation: You are robust. (+10% HP) [potion of
                  | mutation]
   931 | D:2      | Killed Sigmund
   931 | D:2      | Reached skill level 5 in Conjurations
   931 | D:2      | Reached XP level 4. HP: 11/39 MP: 0/8
   931 | D:2      | Reached XP level 5. HP: 13/46 MP: 0/9
  1018 | D:2      | Reached XP level 6. HP: 20/53 MP: 1/10
  1094 | D:2      | Found a faded altar of an unknown god.
  1106 | D:2      | You fall into a shaft and drop 2 floors!
  1195 | D:4      | Reached skill level 1 in Poison Magic
  1245 | D:4      | Learned a level 3 spell: Conjure Flame
  1991 | D:3      | Reached XP level 7. HP: 60/60 MP: 8/12
  2024 | D:3      | Found a shattered altar of Ashenzari.
  2866 | D:4      | Reached skill level 5 in Stealth
  3261 | D:4      | Found a sacrificial altar of Ru.
  3372 | D:5      | Entered Level 5 of the Dungeon
  3471 | D:4      | Reached XP level 8. HP: 15/68 MP: 1/14
  3637 | D:5      | Reached skill level 5 in Poison Magic
  3862 | D:5      | Reached skill level 5 in Spellcasting
  4210 | D:6      | Found Kuucev's Antique Weapon Shoppe.
  4213 | D:6      | Bought a fine spear for 192 gold pieces
  4213 | D:6      | Identified the +9 spear "Isis" {antimagic, rElec Int+5}
                  | (You bought it in a shop on level 6 of the Dungeon)
  4588 | D:6      | Found a blossoming altar of Fedhas.
  4599 | D:6      | Found a runed translucent door.
  4700 | D:6      | Noticed PeterQ's ghost (novice VSGl)
  4744 | D:6      | Killed PeterQ's ghost
  4763 | D:6      | Learned a level 3 spell: Stone Arrow
  4920 | D:6      | Reached skill level 1 in Earth Magic
  5028 | D:6      | Reached skill level 1 in Fighting
  5028 | D:6      | Reached skill level 1 in Polearms
  5028 | D:6      | Reached XP level 9. HP: 77/77 MP: 18/18
  5093 | D:6      | Found a sparkling altar of Nemelex Xobeh.
  5336 | D:7      | Found a staircase to the Ecumenical Temple.
  5371 | Temple   | Entered the Ecumenical Temple
  5424 | Temple   | Became a worshipper of Kikubaaqudgha
  5480 | D:7      | Found a shimmering blue altar of Sif Muna.
  5808 | D:7      | Reached skill level 1 in Necromancy
  6324 | D:8      | Reached * piety under Kikubaaqudgha
  6324 | D:8      | Identified Kikubaaqudgha's Catalogue of Unholy Arts
                  | (Kikubaaqudgha gifted it to you on level 8 of the Dungeon)
  6324 | D:8      | Received a gift from Kikubaaqudgha
  6324 | D:8      | Reached skill level 5 in Earth Magic
  6482 | D:8      | Reached XP level 10. HP: 81/93 MP: 19/19
  6552 | D:8      | Found a staircase to the Lair.
  7165 | D:9      | Noticed Pikel
  7169 | D:9      | Noticed Erolcha
  7184 | D:8      | Killed Pikel
  7184 | D:8      | Reached skill level 5 in Fighting
  7184 | D:8      | Reached skill level 5 in Polearms
  7184 | D:8      | Reached skill level 1 in Shields
  7214 | D:9      | Noticed Erica
  7216 | D:9      | Killed Erolcha
  7235 | D:9      | Killed Erica
  7739 | D:9      | Reached ** piety under Kikubaaqudgha
  7739 | D:9      | Reached skill level 5 in Necromancy
  7806 | D:10     | Entered Level 10 of the Dungeon
  7806 | D:10     | Noticed Sonja
  7811 | D:9      | Reached XP level 11. HP: 103/106 MP: 20/20
  7869 | D:10     | Noticed a cyclops
  7880 | D:10     | Killed a cyclops
  7975 | D:10     | Learned a level 4 spell: Petrify
  8003 | D:10     | Noticed a two-headed ogre
  8006 | D:10     | Noticed a two-headed ogre
  8017 | D:10     | Killed a two-headed ogre
  8017 | D:10     | Reached skill level 1 in Transmutations
  8020 | D:10     | Killed a two-headed ogre
  8095 | D:10     | Noticed an unseen horror
  8102 | D:10     | Killed an unseen horror
  8107 | D:10     | Noticed a red ugly thing
  8145 | D:10     | Killed a red ugly thing
  8149 | D:10     | Killed Sonja
  8248 | D:10     | Reached *** piety under Kikubaaqudgha
  8248 | D:10     | Identified Kikubaaqudgha's Handbook of Dark Arts
                  | (Kikubaaqudgha gifted it to you on level 10 of the Dungeon)
  8248 | D:10     | Received a gift from Kikubaaqudgha
  8432 | D:10     | Learned a level 5 spell: Lee's Rapid Deconstruction
  8697 | D:10     | Found Kuenic's Antique Armour Emporium.
  8705 | D:10     | Bought a runed robe for 111 gold pieces
  8716 | D:10     | Bought a glowing buckler for 225 gold pieces
  8777 | D:10     | Noticed a centaur warrior
  8785 | D:10     | Killed a centaur warrior
  8785 | D:10     | Reached skill level 5 in Transmutations
  8799 | D:10     | Identified Sif Muna's Papyrus of Enchanting Aid
  8800 | D:10     | Got a heavily runed bone ring
  8801 | D:10     | Got a transparent hunting sling
  8805 | D:10     | Identified the +7 hunting sling of Prudence {speed, -Tele
                  | Dex+7} (You found it on level 10 of the Dungeon)
  8948 | D:10     | Reached XP level 12. HP: 102/115 MP: 15/22
  8949 | D:10     | Noticed a three-headed hydra
  8979 | D:10     | Killed a three-headed hydra
  9153 | Lair:1   | Entered Level 1 of the Lair of Beasts
  9265 | Lair:1   | Found a frozen archway.
  9266 | Lair:1   | Noticed Fannar
  9309 | Lair:1   | Killed Fannar
  9325 | Lair:1   | Identified the ring of Jealousy {*Corrode rElec rPois Dex+4
                  | Stlth+} (You found it on level 10 of the Dungeon)
  9423 | IceCv    | Entered an ice cave
  9530 | IceCv    | Reached **** piety under Kikubaaqudgha
  9824 | IceCv    | Learned a level 5 spell: Dispel Undead
 10090 | IceCv    | Noticed a frost giant
 10128 | IceCv    | Killed a frost giant
 10303 | IceCv    | Found the +4 robe of Augmentation {Str+4 Int+4 Dex+4}
 10417 | Lair:1   | Noticed a seven-headed hydra
 10523 | Lair:1   | Gained mutation: You can use your snake-like lower body to
                  | constrict enemies. [Naga growth]
 10523 | Lair:1   | Reached XP level 13. HP: 65/122 MP: 14/25
 11083 | Lair:2   | Found a hazy altar of Hepliaklqana.
 12250 | Lair:3   | Reached ***** piety under Kikubaaqudgha
 12392 | Lair:3   | HP: 7/189 [spiny frog (24)]
 12474 | Lair:3   | HP: 8/192 [komodo dragon (6)]
 12539 | Lair:3   | Learned a level 5 spell: Excruciating Wounds
 12777 | Lair:4   | Found a hole to the Spider Nest.
 13014 | Lair:4   | Found a staircase to the Shoals.
 13047 | Lair:4   | Noticed Josephine
 13067 | Lair:4   | Killed Josephine
 13067 | Lair:4   | Reached skill level 1 in Charms
 13077 | Lair:4   | Slain by a yak

Levels and vault maps discovered:
D:1:      scummos_arrival_star, layout_loops_ring, tso_metal_star
D:2:      layout_loops_ring, chequers_ecumenical_altar_island, uniq_sigmund
D:3:      layout_loops_ring, nicolae_ashenzari_panopticon,
          kennysheep_big_empty_room, small_statue_intersection
D:4:      layout_loops_ring, nicolae_overflow_hidden_temple, st_stairs_5
D:5:      layout_gridville, first_ration
D:6:      layout_basic, fedhas_altar_3, ebering_ghost_reflecting_pool,
          serial_shops, shop, nemelex_dance_club_becter
D:7:      layout_layer_cave, kennysheep_mini_moat,
          minmay_temple_entry_drinking_statues, nrook_mini_backslash,
          hangedman_decor_diamond_cutter
D:8:      layout_cave_pods, minmay_lair_entry_grove, minmay_microvault
D:9:      layout_long_grid, uniq_erolcha, uniq_pikel, uniq_erica
D:10:     minmay_the_grid_4x2 [minmay_the_grid_square_x, minmay_the_grid_spikes,
          minmay_the_grid_minigrid_small_alt, minmay_the_grid_embedded,
          minmay_the_grid_outer_diamond, minmay_the_grid_box_x,
          minmay_the_grid_broken_lines, minmay_the_grid_prize_shrinking_boxes],
          layout_long_grid, serial_shops, kennysheep_little_box, hangedman_ranch
          [blue_anna_fruit_fields], uniq_sonja
Temple:   hc_temple_tempest_star
Lair:1:   beast_lair_carwin_large_2, layout_hall_layers,
          portal_ice_cave_demonic_guard, serial_bayou_ford_a,
          grunt_megastairs_5, uniq_fannar
Lair:2:   layout_loops_ring, lemuel_oklob_altar, grunt_megastairs_1
Lair:3:   cheibrodos_lair_overgrown_chateau, layout_gridlike
Lair:4:   layout_small_grid, minmay_shoals_entry_beasts,
          spider_nest_entry_web_field, lemuel_fruit_fields, lemuel_fruit_tree,
          uniq_josephine

Skill      XL: |  1  2  3  4  5  6  7  8  9 10 11 12 13 |
---------------+----------------------------------------+-----
Conjurations   | 2 5 6 |  6.1
Poison Magic   | 2 4 6 |  6.2
Stealth        | 4 6 9 |  9.3
Spellcasting   | 4 6 7 8 9 |  9.0
Earth Magic    | 1 5 6 7 8 9 |  9.0
Fighting       | 1 3 5 6 9 |  9.0
Polearms       | 1 3 5 6 |  6.0
Necromancy     | 2 5 6 8 9 |  9.1
Shields        | 3 |  3.1
Translocations | 3 |  3.0
Transmutations | 5 8 9 |  9.0
Charms         | 1 |  1.6
Dodging        | |  1.5
Summonings     | |  1.0

Action                   |  1- 3 |  4- 6 |  7- 9 | 10-12 | 13-15 || total
-------------------------+-------+-------+-------+-------+-------++-------
Melee: Club              |     2 |       |       |       |       ||     2
       Short sword       |    10 |     6 |       |       |       ||    16
       Spear             |       |     5 |   259 |    25 |       ||   289
       Trident           |       |       |       |   397 |   280 ||   677
       Constrict         |       |       |       |       |    45 ||    45
 Cast: Magic Dart        |    28 |    46 |   125 |    41 |     5 ||   245
       Mephitic Cloud    |     2 |     3 |    14 |    51 |    30 ||   100
       Conjure Flame     |       |       |    27 |    29 |     9 ||    65
       Blink             |       |       |     5 |     9 |     8 ||    22
       Stone Arrow       |       |       |     2 |    81 |    33 ||   116
       Petrify           |       |       |       |    12 |    23 ||    35
       Lee's Rapid Decon |       |       |       |     2 |     4 ||     6
       Dispel Undead     |       |       |       |       |     4 ||     4
 Abil: Spit Poison       |    20 |    26 |    65 |   111 |    54 ||   276
  Use: Potion            |     2 |       |     1 |     1 |     5 ||     9
       Scroll            |       |       |    13 |     8 |     5 ||    26
 Stab: Confused          |       |     1 |     2 |    27 |    21 ||    51
       Sleeping          |       |     1 |     2 |     1 |       ||     4
       Petrified         |       |       |       |    16 |    48 ||    64
       Petrifying        |       |       |       |       |     2 ||     2
  Eat: Ration            |       |     1 |     3 |       |       ||     4
       Chunk             |       |     2 |    16 |    20 |    11 ||    49
Armor: Robe              |     1 |     3 |    16 |    48 |    54 ||   122
       Skin              |       |       |       |    17 |     1 ||    18
Dodge: Dodged            |     9 |    13 |    53 |   100 |    68 ||   243
Block: Buckler           |       |       |     4 |    46 |    44 ||    94

Table legend:
 A = Non-vault XP
 B = Vault XP
 C = Vault XP percentage of total XP
 D = Non-vault monster count
 E = Vault monster count
 F = Vault count percentage of total count
                 A         B        C        D         E       F
            +---------+---------+-------+---------+---------+-------
      Total |   20090 |   31777 |  61.3 |     238 |     133 |  35.8
            +---------+---------+-------+---------+---------+-------
        D:1 |      38 |       0 |   0.0 |      18 |       0 |   0.0
        D:2 |     104 |     227 |  68.6 |      22 |       1 |   4.3
        D:3 |      79 |       0 |   0.0 |      18 |       0 |   0.0
        D:4 |     709 |      43 |   5.7 |      27 |       3 |  10.0
        D:5 |     417 |       0 |   0.0 |      13 |       0 |   0.0
        D:6 |     369 |     552 |  59.9 |       6 |       3 |  33.3
        D:7 |    1341 |       0 |   0.0 |      26 |       0 |   0.0
        D:8 |     766 |    2503 |  76.6 |      14 |      15 |  51.7
        D:9 |     548 |    1663 |  75.2 |      16 |       2 |  11.1
       D:10 |    3046 |    7606 |  71.4 |      22 |      35 |  61.4
     Lair:1 |    3357 |    3163 |  48.5 |      10 |      10 |  50.0
     Lair:2 |    2415 |    1246 |  34.0 |      13 |       3 |  18.8
     Lair:3 |    4328 |    3939 |  47.6 |      20 |      15 |  42.9
     Lair:4 |    2573 |    2399 |  48.3 |      13 |       6 |  31.6
      IceCv |       0 |    8436 | 100.0 |       0 |      40 | 100.0
            +---------+---------+-------+---------+---------+-------
